Map: [ESL] Oceanborn

Players

Astrea

  • Race: Protoss Protoss
  • Spawn Location: 11:00

trigger - Winner!

  • Race: Protoss Protoss
  • Spawn Location: 5:00

Event: ESL SC2 Masters 2024 Spring (Regional)

VOD

Have the link to the VOD?

Description

Time

  • Played on: April 18, 2024, 1:26 p.m.
  • Length: 20:59

All games in this series

Show
View Real Time Build Order
Export as new Build Order

Astrea Protoss 

Build Orders: Phoenix Opening 

Get SALT Encoding   

  12  0:00  Probe  
  13  0:12  Probe  
  14  0:16  Pylon  
  14  0:26  Probe (Chrono Boost)  
  15  0:37  Gateway  
  15  0:38  Probe (Chrono Boost)  
  16  0:43  Probe (Chrono Boost)  
  16  0:45  Assimilator  
  17  0:52  Probe (Chrono Boost)  
  17  0:54  Assimilator  
  18  1:04  Probe (Chrono Boost)  
  18  1:05  Gateway  
  19  1:13  Probe (Chrono Boost)  
  20  1:19  Probe  
  20  1:24  Cybernetics Core  
  21  1:31  Probe  
  22  1:34  Pylon  
  22  1:43  Probe  
  23  1:55  Probe  
  23  2:00  Stalker, Sentry, Warp Gate  
  28  2:07  Probe  
  29  2:12  Pylon  
  29  2:20  Pylon  
  29  2:24  Sentry  
  31  2:30  Stalker  
  31  2:33  Phoenix  
  33  2:47  Nexus  
  33  2:48  Probe  
  34  2:53  Sentry  
  36  3:00  Probe  
  35  3:14  Probe (Chrono Boost)  
  35  3:17  Shield Battery  
  35  3:19  Robotics Facility  
  36  3:24  Probe (Chrono Boost)  
  37  3:29  Probe (Chrono Boost)  
  38  3:36  Phoenix  
  38  3:37  Pylon  
  38  3:40  Probe  
  39  3:55  Probe (Chrono Boost)  
  40  4:00  Probe (Chrono Boost), Adept x2  
  45  4:05  Probe (Chrono Boost)  
  45  4:08  Probe (Chrono Boost), Immortal (Chrono Boost)  
  51  4:11  Probe (Chrono Boost)  
  51  4:13  Probe (Chrono Boost)  
  53  4:21  Probe  
  53  4:22  Pylon  
  54  4:27  Probe  
  54  4:28  Adept  
  54  4:29  Adept  
  59  4:33  Probe  
  59  4:37  Pylon  
  60  4:39  Warp Prism (Chrono Boost)  
  60  4:42  Probe  
  60  4:45  Observer (Chrono Boost)  
  62  4:46  Probe  
  62  4:50  Adept x2  
  62  4:51  Immortal (Chrono Boost)  
  67  4:54  Probe  
  67  4:56  Warp Prism  
  70  5:03  Pylon, Probe  
  71  5:08  Pylon  
  71  5:12  Adept x2  
  75  5:32  Observer  
  74  5:40  Probe x2, Adept x2  
  74  5:41  Nexus  
  72  5:52  Probe x2  
  74  6:01  Stalker x2  
  74  6:04  Probe x2  
  71  6:12  Immortal (Chrono Boost)  
  71  6:16  Probe x2  
  71  6:18  Assimilator  
  75  6:28  Probe  
  75  6:29  Probe  
  75  6:30  Shield Battery  
  77  6:33  Adept, Forge  
  77  6:34  Adept  
  77  6:37  Twilight Council  
  81  6:41  Probe x2  
  81  6:42  Shield Battery  
  83  6:52  Immortal  
  83  6:53  Probe x2  
  89  7:00  Stalker  
  91  7:02  Stalker  
  91  7:05  Probe x2  
  95  7:16  Shield Battery  
  95  7:17  Probe  
  95  7:18  Shield Battery  
  96  7:23  Observer  
  96  7:24  Gateway x2  
  96  7:27  Stalker x2  
  100  7:31  Blink (Chrono Boost)  
  100  7:32  Shield Battery  
  100  7:34  Pylon, Protoss Ground Weapons Level 1 (Chrono Boost), Shield Battery  
  100  7:35  Pylon  
  100  7:38  Probe  
  100  7:39  Probe  
  100  7:40  Probe  
  101  7:52  Probe x2, Photon Cannon  
  101  7:54  Gateway  
  101  7:56  Gateway  
  103  8:02  Probe  
  102  8:09  Stalker  
  102  8:10  Stalker  
  106  8:18  Observer  
  104  8:20  Nexus  
  104  8:21  Pylon  
  104  8:25  Probe x3  
  104  8:33  Pylon  
  104  8:35  Stalker x4  
  104  8:37  Probe  
  113  8:42  Probe x2, Forge  
  113  8:45  Pylon  
  113  8:48  Assimilator  
  115  8:49  Probe  
  115  8:51  Observer  
  115  8:52  Photon Cannon  
  115  8:54  Probe x2, Shield Battery  
  118  8:57  Stalker x2  
  118  8:58  Stalker x2  
  118  9:01  Probe  
  127  9:03  Sentry x2  
  127  9:06  Pylon, Probe  
  127  9:09  Pylon  
  132  9:12  Protoss Ground Armor Level 1 (Chrono Boost)  
  132  9:13  Protoss Ground Weapons Level 2 (Chrono Boost)  
  132  9:16  Probe  
  133  9:22  Photon Cannon  
  133  9:23  Probe  
  133  9:24  Probe  
  135  9:28  Probe  
  136  9:40  Probe x3, Assimilator  
  136  9:41  Pylon  
  136  9:42  Assimilator  
  139  9:49  Pylon  
  139  9:50  Probe  
  139  9:52  Probe  
  141  9:54  Robotics Facility, Robotics Bay  
  141  9:58  Pylon  
  141  10:01  Gateway  
  141  10:03  Gateway  
  139  10:07  Photon Cannon  
  139  10:11  Zealot x6, Charge (Chrono Boost)  
  139  10:14  Pylon x2  
  151  10:28  Photon Cannon x2  
  151  10:32  Observer  
  151  10:33  Zealot x2  
  151  10:34  Zealot x4  
  163  10:40  Colossus (Chrono Boost), Shield Battery  
  163  10:42  Observer  
  163  10:45  Extended Thermal Lance  
  163  10:47  Colossus (Chrono Boost)  
  163  10:48  Templar Archives  
  175  10:56  Protoss Ground Armor Level 2 (Chrono Boost)  
  175  10:58  Zealot x5  
  175  11:04  Zealot x3  
  191  11:07  Pylon  
  191  11:11  Nexus  
  191  11:16  Observer  
  191  11:17  Gateway  
  191  11:19  Pylon  
  191  11:29  High Templar x2  
  191  11:30  Observer, High Templar x2  
  198  11:33  Archon x2  
  187  12:08  Protoss Ground Weapons Level 3 (Chrono Boost), Zealot x6  
  199  12:22  Nexus  
  181  12:36  Pylon  
  177  12:38  Zealot x9  
  177  12:43  Colossus x2 (Chrono Boost)  
  149  13:03  High Templar x3  
  149  13:04  Zealot x6  
  159  13:08  Archon, Protoss Ground Armor Level 3 (Chrono Boost)  
  132  13:25  Zealot x4  
  132  13:27  Zealot x2  
  140  13:28  Photon Cannon  
  140  13:30  Shield Battery  
  140  13:32  Shield Battery  
  152  13:35  Immortal (Chrono Boost)  
  152  13:36  Zealot x3  
  130  13:41  Immortal (Chrono Boost)  
  130  13:42  Zealot x3  
  119  13:50  Zealot x6  
  127  14:05  Nexus, Zealot x3  
  127  14:06  Immortal (Chrono Boost)  
  137  14:10  Zealot x4  
  137  14:11  Zealot x2  
  137  14:13  Immortal (Chrono Boost)  
  149  14:22  Nexus  
  145  14:31  High Templar x3  
  151  14:32  High Templar x3  
  151  14:33  Immortal (Chrono Boost), Zealot x3  
  151  14:38  Archon x3  
  161  14:39  Pylon  
  161  14:42  Warp Prism (Chrono Boost)  
  163  14:47  Pylon  
  163  14:55  High Templar x2, Zealot  
  169  15:00  Archon, Colossus (Chrono Boost)  
  169  15:05  Photon Cannon  
  169  15:06  Photon Cannon  
  175  15:07  Zealot, Shield Battery  
  175  15:08  Shield Battery  
  175  15:13  Pylon  
  177  15:15  Photon Cannon  
  177  15:17  High Templar  
  177  15:18  High Templar, Zealot x2  
  185  15:21  Archon  
  185  15:28  Zealot x3  
  179  15:37  Probe x2  
  179  15:38  Probe x2  
  179  15:40  Zealot x2  
  180  15:51  Probe  
  180  15:52  High Templar x2  
  180  15:53  High Templar x2  
  180  15:56  Archon  
  189  15:57  Archon  
  189  16:05  Assimilator  
  189  16:09  Zealot x2  
  144  16:30  Zealot x6  
  151  16:35  Photon Cannon  
  143  16:43  Probe x4  
  143  16:46  Nexus  
  145  16:52  Gateway  
  145  16:53  High Templar  
  145  16:54  Gateway, High Templar x3, Zealot  
  145  16:55  Zealot  
  145  16:58  Archon x2  
  135  17:24  Immortal x2, Zealot x2  
  135  17:28  Zealot x4  
  135  17:48  Zealot x5  
  135  17:49  Zealot x2  
  149  17:53  Probe x2  
  151  17:59  Zealot  
  149  18:09  Zealot x3  
  149  18:10  Probe  
  144  18:14  Probe  
  135  18:22  High Templar x3, Zealot x2  
  135  18:26  High Templar x2  
  139  18:27  Zealot x3  
  139  18:31  Archon  
  144  18:36  Zealot x3  
  139  18:50  Zealot x3  
  139  18:55  Observer  
  122  19:08  Probe x5  
  123  19:12  Observer  
  120  19:18  Zealot x8  
  120  19:20  Probe x4  
  120  19:21  Probe  
  120  19:32  Probe x3  
  120  19:38  Probe x2  
  116  19:44  Probe x3  
  98  19:59  Zealot x4  
  101  20:03  High Templar  
  101  20:05  Probe  
  99  20:08  High Templar  
  99  20:11  Probe  
  98  20:16  Probe  
  98  20:20  Probe x3  
  96  20:24  Archon  
  86  20:36  Probe  
  86  20:41  Probe  
  88  20:47  Photon Cannon  
Show
View Real Time Build Order
Export as new Build Order

trigger Protoss - Winner!

Build Orders: Phoenix Opening, Zealot Archon 

Get SALT Encoding   

  12  0:00  Probe  
  13  0:12  Probe  
  14  0:17  Pylon  
  14  0:24  Probe (Chrono Boost)  
  15  0:36  Gateway, Probe (Chrono Boost)  
  16  0:44  Probe (Chrono Boost)  
  16  0:45  Assimilator  
  17  0:50  Probe  
  18  1:03  Probe (Chrono Boost)  
  19  1:04  Assimilator  
  19  1:10  Gateway  
  20  1:12  Probe (Chrono Boost)  
  20  1:17  Probe (Chrono Boost)  
  20  1:25  Cybernetics Core  
  21  1:29  Probe  
  22  1:34  Pylon  
  22  1:41  Probe  
  23  1:53  Probe  
  24  2:00  Adept  
  24  2:01  Warp Gate, Adept  
  28  2:12  Pylon  
  28  2:19  Probe  
  29  2:27  Pylon  
  29  2:33  Sentry x2  
  33  2:42  Nexus  
  33  2:43  Probe  
  34  2:47  Shield Battery  
  34  2:55  Probe  
  34  2:56  Sentry  
  37  3:05  Phoenix  
  37  3:07  Probe (Chrono Boost)  
  37  3:12  Robotics Facility  
  34  3:19  Probe (Chrono Boost)  
  35  3:25  Probe (Chrono Boost)  
  36  3:27  Twilight Council  
  36  3:29  Pylon  
  36  3:33  Probe (Chrono Boost)  
  37  3:45  Probe (Chrono Boost)  
  38  3:49  Phoenix  
  38  3:51  Probe (Chrono Boost)  
  38  3:55  Probe (Chrono Boost)  
  40  3:56  Immortal (Chrono Boost)  
  40  4:00  Probe  
  45  4:07  Probe  
  46  4:10  Blink  
  46  4:12  Probe  
  46  4:13  Assimilator  
  47  4:19  Probe  
  47  4:24  Probe  
  49  4:27  Warp Prism (Chrono Boost)  
  49  4:28  Assimilator  
  49  4:29  Pylon  
  51  4:32  Probe  
  52  4:40  Probe  
  52  4:42  Dark Shrine  
  52  4:45  Phoenix  
  53  4:46  Shield Battery  
  53  4:49  Stalker  
  53  4:50  Probe  
  56  4:53  Probe  
  56  4:55  Stalker  
  59  5:00  Pylon  
  59  5:03  Immortal (Chrono Boost)  
  63  5:08  Probe  
  63  5:12  Stalker  
  66  5:21  Stalker  
  68  5:23  Probe x2  
  68  5:26  Pylon  
  70  5:36  Immortal  
  70  5:41  Stalker  
  72  5:52  Gateway  
  66  5:58  Dark Templar  
  66  6:01  Pylon  
  62  6:05  Dark Templar  
  62  6:06  Probe x2  
  65  6:18  Probe  
  64  6:22  Nexus  
  64  6:30  Dark Templar  
  64  6:31  Immortal (Chrono Boost)  
  66  6:38  Stalker, Archon  
  72  6:42  Pylon  
  72  6:50  Stalker  
  74  6:58  Gateway  
  73  7:01  Stalker  
  73  7:03  Stalker  
  73  7:07  Probe  
  78  7:17  Probe  
  78  7:19  Stalker  
  78  7:21  Probe  
  82  7:24  Observer  
  82  7:25  Stalker  
  82  7:26  Stalker  
  82  7:29  Probe  
  88  7:33  Probe (Chrono Boost)  
  89  7:41  Probe (Chrono Boost)  
  89  7:42  Immortal  
  89  7:43  Probe (Chrono Boost)  
  91  7:46  Forge  
  91  7:49  Probe (Chrono Boost)  
  91  7:50  Dark Templar  
  94  7:53  Probe (Chrono Boost)  
  94  7:57  Stalker x2  
  99  8:03  Stalker  
  99  8:05  Probe x2  
  100  8:18  Probe x3  
  103  8:21  Protoss Ground Weapons Level 1 (Chrono Boost)  
  103  8:22  Nexus  
  103  8:32  Immortal (Chrono Boost)  
  101  8:36  Sentry  
  101  8:37  Dark Templar  
  109  8:43  Pylon  
  109  8:45  Pylon  
  109  8:49  Gateway  
  109  8:50  Pylon  
  109  8:59  Gateway  
  109  9:01  Gateway, Probe  
  110  9:05  Pylon, Shadow Stride  
  110  9:09  Zealot x3  
  116  9:11  Zealot  
  116  9:15  Probe x3  
  121  9:27  Probe x2 (Chrono Boost), Charge  
  121  9:28  Immortal (Chrono Boost)  
  127  9:35  Probe (Chrono Boost)  
  129  9:38  Probe (Chrono Boost), Shield Battery  
  129  9:39  Probe (Chrono Boost)  
  129  9:40  Photon Cannon  
  129  9:45  Probe (Chrono Boost)  
  132  9:46  Probe (Chrono Boost)  
  132  9:48  Probe (Chrono Boost)  
  132  9:50  Probe (Chrono Boost)  
  134  9:53  Gateway  
  134  9:57  Gateway  
  134  9:59  Observer (Chrono Boost)  
  134  10:04  Protoss Ground Weapons Level 2 (Chrono Boost)  
  135  10:10  Stalker x5  
  135  10:11  Stalker  
  147  10:18  Gateway  
  147  10:19  Zealot  
  149  10:23  Probe  
  149  10:24  Probe  
  151  10:29  Pylon  
  151  10:30  Pylon  
  151  10:33  Pylon  
  151  10:37  Stalker x2  
  151  10:42  Pylon  
  155  10:50  Immortal (Chrono Boost)  
  159  10:59  Dark Templar x3  
  159  11:01  Nexus, Dark Templar  
  167  11:05  Probe x4  
  167  11:06  Assimilator  
  167  11:08  Assimilator  
  171  11:11  Pylon  
  171  11:14  Immortal  
  171  11:17  Probe x4  
  179  11:29  Probe, Zealot x5  
  188  11:43  Immortal  
  188  11:46  Probe  
  187  11:48  Shield Battery  
  187  11:49  Photon Cannon  
  187  11:51  Probe, Photon Cannon  
  187  11:52  Photon Cannon  
  187  11:54  Pylon  
  192  11:55  Forge  
  192  12:01  Stalker x7, Protoss Shields Level 1 (Chrono Boost)  
  188  12:11  Stalker x2, Zealot  
  194  12:16  Gateway  
  194  12:22  Warp Prism  
  191  12:26  Stalker x4  
  193  12:35  Stalker x4  
  191  12:37  Zealot x2  
  153  12:51  Zealot x4  
  147  13:02  Stalker x6, Observer (Chrono Boost)  
  142  13:14  Probe x3  
  142  13:17  Warp Prism (Chrono Boost)  
  145  13:23  Probe x2  
  145  13:25  Robotics Bay  
  149  13:32  Stalker x7  
  157  13:41  Stalker x2  
  157  13:42  Stalker  
  157  13:46  Observer  
  154  13:51  Protoss Ground Armor Level 1 (Chrono Boost)  
  154  13:52  Probe  
  154  13:53  Probe, Assimilator  
  156  13:55  Assimilator  
  156  14:00  Photon Cannon  
  156  14:02  Photon Cannon  
  156  14:09  Stalker x4  
  164  14:10  Zealot x3  
  164  14:15  Dark Templar  
  172  14:23  Zealot x2  
  170  14:29  Disruptor (Chrono Boost)  
  174  14:35  Robotics Facility  
  174  14:38  Pylon  
  174  14:45  Gateway  
  174  14:46  Dark Templar x4  
  174  14:47  Gateway  
  174  14:49  Gateway  
  174  14:52  Disruptor (Chrono Boost), Pylon  
  186  15:10  Gateway  
  186  15:11  Gateway  
  186  15:19  Disruptor  
  181  15:25  Zealot x7  
  195  15:39  Stalker x3  
  195  15:40  Zealot  
  195  15:41  Zealot  
  189  15:43  Archon  
  183  15:56  Disruptor x2 (Chrono Boost), Assimilator x2  
  183  15:58  Protoss Ground Weapons Level 3 (Chrono Boost)  
  183  16:00  Photon Cannon  
  183  16:03  Dark Templar  
  183  16:04  Dark Templar x3  
  195  16:14  Pylon  
  195  16:16  Nexus  
  161  16:24  Disruptor x2  
  139  16:29  Zealot x8  
  155  16:37  Probe x2  
  155  16:39  Dark Templar  
  145  16:40  Stalker, Dark Templar x2  
  137  16:47  Zealot x4  
  137  16:52  Probe (Chrono Boost)  
  137  16:53  Stalker x7  
  162  16:57  Probe (Chrono Boost)  
  162  16:58  Probe (Chrono Boost)  
  163  17:02  Dark Templar  
  163  17:03  Probe (Chrono Boost)  
  163  17:05  Probe (Chrono Boost)  
  165  17:10  Zealot x5  
  165  17:12  Zealot x3  
  165  17:13  Pylon  
  165  17:24  Disruptor  
  165  17:25  Disruptor  
  165  17:28  Dark Templar  
  165  17:29  Zealot x5  
  169  17:50  Probe x3  
  164  17:52  Stalker x6  
  164  17:53  Stalker  
  178  17:59  Dark Templar  
  126  18:18  Stalker x8  
  126  18:19  Zealot  
  129  18:27  Disruptor  
  117  18:52  Dark Templar x4  
  117  18:53  Zealot x5  
  122  19:10  Disruptor x2  
  127  19:19  Zealot x8  
  141  19:26  Dark Templar  
  141  19:31  Zealot x4  
  135  19:33  Probe x2 (Chrono Boost)  
  125  19:42  Probe (Chrono Boost)  
  108  19:46  Disruptor  
  108  19:48  Probe x2 (Chrono Boost)  
  112  19:54  Disruptor  
  112  19:58  Dark Templar  
  112  20:08  Stalker x2  
  112  20:09  Zealot x4  
  105  20:33  Zealot x7  
  110  20:43  Zealot x3  
Tags
 
Add a new tag
Caveats
  • Supply blocks, unpowered buildings, or Contaminate may cause inaccurate times.
  • Supply counts are checked every 10 seconds.